 Dungeon Crawl Stone Soup version 0.25-a0-1079-g858b6a6ff6 (webtiles) character file.

Game seed: 18047597357483147630, levelgen mode: classic

758 EnegeticOcto the Chopper (level 7, 33/67 HPs)
             Began as a Deep Dwarf Fighter on May 15, 2020.
             Quit the game on level 7 of the Dungeon.
             The game lasted 00:02:35 (3090 turns).

EnegeticOcto the Chopper (Deep Dwarf Fighter)       Turns: 3090, Time: 00:02:36

Health: 33/67      AC: 13    Str: 21    XL:     7   Next: 50%
Magic:  6/6        EV:  4    Int:  9    God:
Gold:   228        SH: 15    Dex: 12    Spells: 6/6 levels left

rFire    + . .     SeeInvis .   a - +1 war axe
rCold    + . .     Gourm    .   c - +0 kite shield
rNeg     . . .     Faith    .   t - +0 plate armour
rPois    .         Spirit   .   (no helmet)
rElec    .         Reflect  +   d - scarf {rC+ rF+}
rCorr    .         Harm     .   (no gloves)
MR       +....                  n - +0 pair of boots
Stlth    ..........             o - amulet of reflection
HPRegen  0.00/turn              (no ring)
MPRegen  0.10/turn              (no ring)

@: lethally poisoned (33 -> -3), non-regenerating
A: damage resistance, heal wounds, sense surroundings 1, no regeneration
a: Heal Wounds


You were on level 7 of the Dungeon.
You were hungry.

You visited 1 branch of the dungeon, and saw 6 of its levels.

You collected 228 gold pieces.

Inventory:

Hand Weapons
 a - a +1 war axe (weapon)
Armour
 c - a +0 kite shield (worn)
 d - a scarf of resistance (worn)
 n - a +0 pair of boots (worn)
 t - a +0 plate armour (worn)
Jewellery
 o - an amulet of reflection (around neck)
Scrolls
 f - 3 scrolls of enchant weapon
 h - a scroll of fog
 s - a scroll of magic mapping {@r5}
 u - a scroll of amnesia
 v - 3 scrolls of remove curse {@r6}
 w - 4 scrolls of identify {@r1}
 y - 2 scrolls of noise {unknown}
 z - a scroll of immolation {unknown}
Potions
 b - 2 potions of lignification {@q7}
 g - 2 potions of degeneration
 i - 3 potions of curing {@q1}
 j - a potion of stabbing {@q5}
 k - a potion of might {@q3}
 l - 2 potions of heal wounds {@q2}
 m - 2 potions of resistance {@q6}
 p - 2 potions of flight
 q - a potion of berserk rage
 x - 2 potions of mutation
Comestibles
 e - 12 rations


   Skills:
 * Level 5.2 Fighting
 * Level 5.6 Axes
 + Level 4.9 Armour
 + Level 4.9 Shields


You had 6 spell levels left.
You didn't know any spells.
Your spell library contained the following spells:

 Spells                   Type           Power        Failure   Level  Hunger
 Foxfire                  Conj/Fire      #...         100%        1    ##.....
 Summon Small Mammal      Summ           #...         100%        1    ##.....
 Call Imp                 Summ           #.......     100%        2    ###....
 Call Canine Familiar     Summ           #.......     100%        3    ####...
 Conjure Flame            Conj/Fire      #.......     100%        3    ####...
 Inner Flame              Hex/Fire       #.......     100%        3    ####...
 Summon Guardian Golem    Hex/Summ       #.......     100%        3    ####...
 Sticky Flame             Conj/Fire      #.......     100%        4    #####..
 Summon Ice Beast         Ice/Summ       #.......     100%        4    #####..
 Summon Lightning Spire   Summ/Air       #.......     100%        4    #####..
 Fireball                 Conj/Fire      #.........   100%        5    ######.


Dungeon Overview and Level Annotations

Branches:
Dungeon (5/15)
 Temple: D:4-7

Altars:
Elyvilon
Fedhas
Trog
Yredelemnul
The Shining One

Shops:
D:4 =


Innate Abilities, Weirdness & Mutations

You are resistant to damage.
You can heal yourself by infusing magical energy.
You passively map a small area around you.
You do not regenerate.


Message History

You are poisoned.
You block the gnoll shaman's attack.
You feel much better. The gnoll hits you but does no damage.
The gnoll shaman hits you but does no damage.
You closely miss the gnoll shaman.
The gnoll shaman is lightly wounded.
The gnoll barely misses you.
The gnoll shaman calls upon its god to speed up the gnoll.
The gnoll seems to speed up.
The gnoll hits you but does no damage.
You are more poisoned.
Your shield and plate armour prevent you from hitting the gnoll shaman.
The gnoll shaman is lightly wounded.
You block the gnoll's attack.
The gnoll shaman hits you but does no damage.
You block the gnoll's attack.
Your plate armour prevents you from hitting the gnoll shaman.
The gnoll shaman is lightly wounded.
The gnoll hits you but does no damage.
You are more poisoned.
You block the gnoll shaman's attack.
You slash the gnoll shaman!
The gnoll shaman is heavily wounded.
You block the gnoll's attack.
The gnoll shaman hits you but does no damage.
The gnoll hits you from afar with a +2 spear of venom.
You are more poisoned.
The gnoll shaman mumbles some strange prayers to its god.
The gnoll shaman is healed somewhat.
You hit the gnoll shaman but do no damage.
The gnoll shaman is moderately wounded.
You feel sick. The gnoll hits you but does no damage.
You are more poisoned.
You block the gnoll's attack.
The gnoll shaman hits you but does no damage.
You hit the gnoll shaman.
The gnoll shaman is heavily wounded.
You feel very sick. You block the gnoll's attack.
The gnoll shaman hits you with a cursed +0 whip.
You block the gnoll's attack.
Your shield and plate armour prevent you from hitting the gnoll shaman.
The gnoll shaman is heavily wounded.
You feel very sick. You block the gnoll's attack.
You block the gnoll shaman's attack.
The gnoll hits you from afar with a +2 spear of venom.
You are more poisoned.
The gnoll shaman hits you but does no damage.
You hit the gnoll shaman but do no damage.
The gnoll shaman is heavily wounded.
You feel very sick. You block the gnoll's attack. x2
The gnoll shaman hits you but does no damage.
Your plate armour prevents you from hitting the gnoll shaman.
The gnoll shaman is heavily wounded.
You feel very sick. The gnoll hits you but does no damage.
You are more poisoned.
You block the gnoll shaman's attack. The gnoll barely misses you.
You hit the gnoll shaman.
The gnoll shaman is severely wounded.
You feel very sick. The gnoll hits you but does no damage.
You are more poisoned.
You block the gnoll shaman's attack.
The gnoll hits you from afar with a +2 spear of venom.
You are more poisoned.
You hit the gnoll shaman but do no damage.
The gnoll shaman is severely wounded.
You feel very sick. You block the gnoll's attack.
The gnoll shaman hits you but does no damage.
The gnoll completely misses you. You block the gnoll shaman's attack.
Your shield and plate armour prevent you from hitting the gnoll shaman.
The gnoll shaman is severely wounded.
You feel very sick. You block the gnoll's attack.
You block the gnoll shaman's attack.
The gnoll hits you from afar with a +2 spear of venom.
You are more poisoned.
You slash the gnoll shaman!
You kill the gnoll shaman!
You feel very sick. The gnoll hits you but does no damage.
You are lethally poisoned!
You block the gnoll's attack.
You are too injured to fight recklessly!
You are too injured to fight recklessly!
You are too injured to fight recklessly!
You are too injured to fight recklessly!
You are too injured to fight recklessly!
You are too injured to fight recklessly!
You are too injured to fight recklessly!
You are too injured to fight recklessly!
You are too injured to fight recklessly!
You are too injured to fight recklessly!
You are too injured to fight recklessly!
You are too injured to fight recklessly!
You are too injured to fight recklessly!
You are too injured to fight recklessly!
You are too injured to fight recklessly!
Are you sure you want to abandon this character and quit the game? (Confirm with "yes".)

..#####..†.......* ,
.................
####......#########.
.................... ,*
####.##############. *
#.# * .###'#### * * , ,
........###########g####
,
.#....>.'.).....@)gg...+
#......###########g####
, *#......# #......# ,
#.....)# * * * ,,
##....:# * **##+#+## * ,
*+ , , ,, , , *


You could see 4 gnolls.

Vanquished Creatures
  Grinder (D:3)
  A sky beast (D:5)
  A phantom (D:5)
  A scorpion (D:7)
  A crimson imp (D:5)
  A gnoll shaman (D:7)
  An orc priest (D:4)
  2 orc wizards
  2 worker ants (D:5)
  3 adders
  2 oozes (D:1)
  An adder skeleton (D:5)
  2 worms
  3 dart slugs
  4 leopard geckos
  9 orcs
  4 bats
  3 giant cockroaches
  6 goblins
  6 hobgoblins
  6 jackals
  2 quokkas
  5 frilled lizards
  5 kobolds
  A leopard gecko skeleton (D:4)
  10 rats
83 creatures vanquished.

Notes
Turn   | Place    | Note
-------+----------+-------------------------------------------
     0 | D:1      | EnegeticOcto the Deep Dwarf Fighter began the quest for the
                  | Orb.
     0 | D:1      | Reached XP level 1. HP: 20/20 MP: 1/1
    61 | D:1      | Reached XP level 2. HP: 21/27 MP: 2/2
   838 | D:1      | Reached XP level 3. HP: 34/34 MP: 2/2
  1096 | D:2      | Found a faded altar of an unknown god.
  1303 | D:2      | Reached XP level 4. HP: 31/42 MP: 3/3
  1546 | D:3      | Found a bloodstained altar of Trog.
  1657 | D:3      | Noticed Grinder
  1680 | D:3      | Killed Grinder
  1680 | D:3      | Reached XP level 5. HP: 44/50 MP: 4/4
  1680 | D:3      | Reached XP level 6. HP: 50/57 MP: 5/5
  1965 | D:3      | Found a white marble altar of Elyvilon.
  2090 | D:4      | Found Kidigex's Jewellery Shop.
  2457 | D:4      | Found a basalt altar of Yredelemnul.
  2622 | D:5      | Entered Level 5 of the Dungeon
  2659 | D:5      | Noticed a sky beast
  2677 | D:5      | Killed a sky beast
  2677 | D:5      | Reached skill level 5 in Axes
  2714 | D:5      | Reached XP level 7. HP: 66/66 MP: 6/6
  2762 | D:5      | Found a glowing golden altar of the Shining One.
  2851 | D:5      | Reached skill level 5 in Fighting
  3012 | D:5      | Found a blossoming altar of Fedhas.
  3032 | D:5      | You fall into a shaft and drop 2 floors!
  3090 | D:7      | Quit the game

Illustrated notes

Levels and vault maps discovered:
D:1:      dpeg_arrival_simpleton_b, layout_basic, minmay_misc_feat_enclosed
D:2:      layout_basic, chequers_ecumenical_altar_simple_redux
D:3:      layout_loops_ring, bloody_trog, elyvilon_altar_3, uniq_grinder
D:4:      layout_cave_pools, lemuel_coloured_pillars_altar, first_ration,
          serial_shops, shop
D:5:      layout_cave_pools, kennysheep_mini, fedhas_altar_3,
          nicolae_tso_carved_into_rock, chequers_serial_rivers_micro_d,
          hex_large
D:7:      layout_basic, makhleb_blood_cavern_becter, lemuel_blue_sif_altar,
          dancing_weapons_uskayaw, temple_hall, grunt_ogre_cave,
          nemelex_diamond_rough_becter, uniq_prince_ribbit1

Skill      XL: |  1  2  3  4  5  6  7 |
---------------+----------------------+-----
Fighting       | 3 4 5 |  5.2
Axes           | 3 4 5 |  5.6
Armour         | 4 |  4.9
Shields        | 4 |  4.9

Action                   |  1- 3 |  4- 6 |  7- 9 || total
-------------------------+-------+-------+-------++-------
Melee: War axe           |   104 |   122 |    78 ||   304
 Abil: Heal Wounds       |     1 |     3 |     1 ||     5
  Use: Scroll            |       |    17 |       ||    17
  Eat: Chunk             |     1 |     5 |     1 ||     7
Armor: Scale mail        |    47 |     6 |       ||    53
       Plate armour      |       |    72 |    27 ||    99
Dodge: Dodged            |    37 |    21 |     9 ||    67
Block: Kite shield       |    51 |    71 |    70 ||   192
       Reflection        |       |       |     4 ||     4

Table legend:
 A = Non-vault XP
 B = Vault XP
 C = Vault XP percentage of total XP
 D = Non-vault monster count
 E = Vault monster count
 F = Vault count percentage of total count
                 A         B        C        D         E       F
            +---------+---------+-------+---------+---------+-------
      Total |     798 |     286 |  26.4 |      82 |       1 |   1.2
            +---------+---------+-------+---------+---------+-------
        D:1 |      53 |       0 |   0.0 |      23 |       0 |   0.0
        D:2 |      46 |       0 |   0.0 |      20 |       0 |   0.0
        D:3 |      42 |     286 |  87.2 |      14 |       1 |   6.7
        D:4 |     100 |       0 |   0.0 |      10 |       0 |   0.0
        D:5 |     441 |       0 |   0.0 |      13 |       0 |   0.0
        D:7 |     116 |       0 |   0.0 |       2 |       0 |   0.0
            +---------+---------+-------+---------+---------+-------
